 Dungeon Crawl Stone Soup version 0.29.1-15-g9cfb28693d (webtiles) character file.

Game seed: 4125109535067874923

565 H0rd4k the Sneak (level 7, 0/45 HPs)
             Began as an Octopode Artificer on Mar 1, 2023.
             Slain by Robin
             ... wielding a +0 club
              (3 damage)
             ... on level 3 of the Dungeon.
             The game lasted 00:04:23 (4523 turns).

H0rd4k the Sneak (Octopode Artificer)               Turns: 4523, Time: 00:04:24

Health: 0/45       AC:  1    Str: 17    XL:     7   Next: 32%
Magic:  7/7        EV: 11    Int: 21    God:
Gold:   275        SH:  0    Dex: 13    Spells: 6/6 levels left

rFire   . . .      SeeInvis .   w - +6 dagger of the Writhing Ancients {venom, *Rage rCorr Str+6 Int+6}
rCold   + . .      Faith    +   (no shield)
rNeg    . . .      Spirit   .   (helmet restricted)
rPois   .          Reflect  .   i - amulet of faith
rElec   .          Harm     .   e - ring of protection from cold
rCorr   +          Rampage  .   (no ring)
Will    .....      Rage     20% (no ring)
Stlth   ++++......              (no ring)
HPRegen 0.15/turn               (no ring)
MPRegen 0.10/turn               (no ring)
                                (no ring)
                                (no ring)

@: on berserk cooldown, slowed, constricted, very slow
A: almost no armour, amphibious, 8 rings, camouflage 1, gelatinous body 1,
(nimble swimmer 1), tentacles
a: no special abilities


You were on level 3 of the Dungeon.
You visited 1 branch of the dungeon, and saw 5 of its levels.

You collected 275 gold pieces.

Inventory:

Hand Weapons
 w - the +6 dagger of the Writhing Ancients (weapon) {venom, *Rage rCorr Str+6 Int+6}
   (You found it on level 3 of the Dungeon)

   It poisons the flesh of those it strikes.
   Str:       It affects your strength (+6).
   Int:       It affects your intelligence (+6).
   *Rage:     It berserks you when you make melee attacks (+20% chance).
   rCorr:     It protects you from acid and corrosion.
Magical Staves
 o - a staff of conjuration
 p - a staff of death
Jewellery
 e - a ring of protection from cold (left tentacle)
 g - a ring of ice
 i - an amulet of faith (around mantle)
 m - a ring of wizardry
 s - a +6 ring of strength
 v - a ring of protection from cold
Wands
 b - a wand of flame (15) (quivered)
 c - a wand of charming (9)
 d - a wand of iceblast (4)
 x - a wand of paralysis (7)
Scrolls
 a - 3 scrolls of poison {unknown}
 f - 2 scrolls of teleportation {unknown}
 h - a scroll of fear {unknown}
 j - 2 scrolls of blinking {unknown}
 k - a scroll of summoning {unknown}
 l - a scroll of enchant weapon {unknown}
 q - 4 scrolls of identify {unknown}
 r - a scroll of noise {unknown}
 t - a scroll of amnesia {unknown}
Potions
 n - a potion of cancellation
 u - a potion of curing {unknown}


   Skills:
 + Level 2.0 Fighting
 + Level 0.7 Short Blades
 + Level 3.9 Dodging
 + Level 6.9 Stealth
 - Level 3.3 Unarmed Combat
 + Level 4.2 Evocations


You had 6 spell levels left.
You didn't know any spells.
Your spell library contained the following spells:

 Spells                   Type           Power      Damage    Failure   Level
 Foxfire                  Conj/Fire      0%         2x1d4     19%         1
 Conjure Flame            Conj/Fire      0%         6-21      47%         3
 Inner Flame              Hex/Fire       0%         N/A       47%         3
 Flame Wave               Conj/Fire      0%         2d4       87%         4


Dungeon Overview and Level Annotations

Branches:
Dungeon (5/15)
 Temple: D:4-7

Altars:
Ru
Trog

Shops:
D:1 *

Annotations:
D:3 exclusion: downstairs, Grinder, Robin


Innate Abilities, Weirdness & Mutations

You cannot wear most types of armour.
You are amphibious.
You can wear up to eight rings at the same time.
Your skin changes colour to match your surroundings (Stealth+).
Your rubbery body absorbs attacks. (AC +1, EV +1)
((You are camouflaged when in or above water. (Stealth+)))
You have tentacles for arms and can constrict up to eight enemies at once.


Message History

The ball python bites you. The ball python barely misses you.
The ball python closely misses you. x2; The ball python bites you.
The ball python barely misses you. The ball python completely misses you.
The ball python closely misses you.
You climb upwards.
Level annotation: exclusion: downstairs, Grinder
There is a stone staircase leading down here.
You hit the ball python.
You kill the ball python!
Robin closely misses you. The ball python bites you. The ball python grabs you.
The ball python constricts you. Robin closely misses you.
The ball python bites you. The ball python constricts you.
You hit Robin but do no damage. Your grab misses Robin.
Your squeeze misses Robin. The ball python closely misses you.
The ball python constricts you. Robin hits you with a +0 club.
The ball python bites you. The ball python constricts you.
You barely miss Robin. Your grab misses Robin. Robin hits you with a +0 club.
The ball python completely misses you. The ball python constricts you.
Robin barely misses you.
You barely miss Robin. Your grab misses Robin. Your squeeze misses Robin.
The ball python barely misses you. The ball python constricts you.
Robin barely misses you. The ball python closely misses you.
The ball python constricts you.
You barely miss Robin. You grab Robin. You constrict Robin.
The ball python bites you.
* * * LOW HITPOINT WARNING * * *
The ball python constricts you.
* * * LOW HITPOINT WARNING * * *
Robin hits you with a +0 club.
* * * LOW HITPOINT WARNING * * *
The ball python misses you. The ball python constricts you.
* * * LOW HITPOINT WARNING * * *
Robin hits you with a +0 club.
* * * LOW HITPOINT WARNING * * *
You completely miss Robin.
Robin is lightly wounded.
You constrict Robin. The ball python bites you.
* * * LOW HITPOINT WARNING * * *
The ball python constricts you. Robin hits you with a +0 club.
You die...

####### #.....#
#.....# #.....#
#.....# #### #...gS#
##... #...@.# ##....
#.....##########.....
#....................
#.....##...#####.....
#.....##...# #.....
###.####...# #.....
#.###....# ##<...
#.#......# ##...
#....####### ####


You could see Robin and a ball python.

Vanquished Creatures
  Sigmund (D:3)
  A scorpion (D:5)
  A hound (D:4)
  A jelly (D:5)
  An iguana (D:5)
  3 orc wizards (D:5)
  5 adders
  2 worms (D:2)
  4 orcs
  5 endoplasms
  3 giant cockroaches
  10 goblins
  10 hobgoblins
  10 ball pythons
  4 bats
  2 frilled lizards (D:2)
  7 kobolds
  6 rats
76 creatures vanquished.

Vanquished Creatures (collateral kills)
  A hound (D:5)
  An orc (D:5)
  A goblin (D:3)
3 creatures vanquished.

Vanquished Creatures (others)
  A scorpion (D:5)
  An orc priest (D:3)
  An iguana (D:5)
3 creatures vanquished.

Grand Total: 82 creatures vanquished

Notes
Turn   | Place    | Note
-------+----------+-------------------------------------------
     0 | D:1      | H0rd4k the Octopode Artificer began the quest for the Orb.
     0 | D:1      | Reached XP level 1. HP: 13/13 MP: 1/1
   388 | D:1      | Reached XP level 2. HP: 11/18 MP: 2/2
   511 | D:1      | Found Idwechamp's Assorted Antiques.
  1353 | D:2      | Reached skill level 2 in Stealth
  1386 | D:2      | Reached XP level 3. HP: 23/23 MP: 3/3
  1802 | D:2      | Found a bloodstained altar of Trog.
  1967 | D:2      | Found a faded altar of an unknown god.
  2388 | D:2      | Reached skill level 1 in Unarmed Combat
  2720 | D:3      | Noticed Sigmund
  2729 | D:3      | Killed Sigmund
  2730 | D:3      | Reached skill level 4 in Stealth
  2730 | D:3      | Reached XP level 4. HP: 15/28 MP: 4/4
  2730 | D:3      | Reached XP level 5. HP: 18/33 MP: 5/5
  2873 | D:3      | Identified the +6 dagger of the Writhing Ancients {venom,
                  | *Rage rCorr Str+6 Int+6}
  2957 | D:3      | Noticed Grinder
  3065 | D:3      | Reached XP level 6. HP: 35/38 MP: 6/6
  3078 | D:3      | HP: 2/57 [poisoned by a goblin]
  3783 | D:4      | Reached skill level 5 in Stealth
  3845 | D:4      | Found a sacrificial altar of Ru.
  3862 | D:4      | Noticed Robin
  3868 | D:5      | Entered Level 5 of the Dungeon
  3896 | D:5      | Reached skill level 6 in Stealth
  3898 | D:5      | Reached XP level 7. HP: 21/44 MP: 7/7
  4523 | D:3      | Slain by Robin

Illustrated notes

Levels and vault maps discovered:
D:1:      dpeg_arrival_prison, layout_basic, serial_shops,
          nicolae_shop_overgrown_old_shop
D:2:      minmay_spotlight, layout_basic, shapermc_ecumenical_altar_gd,
          basic_altar
D:3:      cheibrodos_old_hovel, layout_rooms, minivault_27, uniq_grinder,
          uniq_sigmund
D:4:      layout_cave_pools, mainiacjoe_overflow_small_starburst,
          gammafunk_ghost_gnarly_gnolls, uniq_robin
D:5:      layout_basic, minmay_misc_feat_rows, reono_crystal_passage

Skill      XL: |  1  2  3  4  5  6  7 |
---------------+----------------------+-----
Stealth        | 2 4 6 |  6.9
Evocations     | 4 |  4.2
Dodging        | 3 |  3.9
Unarmed Combat | 3 |  3.3
Fighting       | 2 |  2.0
Short Blades   | |  0.7

Action                   |  1- 3 |  4- 6 |  7- 9 || total
-------------------------+-------+-------+-------++-------
Melee: Unarmed           |   107 |    18 |       ||   125
       Tentacles         |    31 |     8 |     3 ||    42
       Constrict         |    27 |     9 |     7 ||    43
       Punch             |     1 |       |     1 ||     2
       Dagger            |       |    21 |    23 ||    44
Evoke: Wand              |       |     4 |     3 ||     7
  Use: Potion            |       |     3 |       ||     3
 Stab: Sleeping          |     9 |     5 |       ||    14
       Distracted        |     1 |       |       ||     1
Armor: Skin              |     4 |     3 |     2 ||     9
Dodge: Dodged            |    57 |    28 |    32 ||   117
